 Dungeon Crawl Stone Soup version 0.26-a0-812-g31a745ddcd (webtiles) character file.

Game seed: 15515566264040186122

39226 tognito the Executioner (level 13, -7/150 HPs)
             Began as a Minotaur Berserker on Nov 26, 2020.
             Was a High Priest of Trog.
             Engulfed by a cloud of freezing vapour (9 damage)
             ... in an ice cave on Nov 29, 2020.
             The game lasted 00:39:23 (12384 turns).

tognito the Executioner (Minotaur Berserker)       Turns: 12384, Time: 00:39:24

Health: -7/150     AC: 20    Str: 27    XL:     13   Next: 68%
Magic:  12/12      EV: 12    Int:  4    God:    Trog [*****.]
Gold:   1257       SH:  0    Dex: 10    Spells: 12/12 levels left

rFire    . . .     SeeInvis .   a - +9 battleaxe (vorpal)
rCold    . . .     Faith    .   (shield currently unavailable)
rNeg     + . .     Spirit   .   s - +0 plate armour
rPois    +         Reflect  .   (helmet restricted)
rElec    .         Harm     .   t - +0 cloak
rCorr    .         Rampage  .   D - +0 pair of gloves
MR       .....                  J - +0 pair of boots
Stlth    ..........             F - amulet of the acrobat
HPRegen  0.75/turn              v - ring of positive energy
MPRegen  0.13/turn              (no ring)

@: berserking, very quick
A: retaliatory headbutt, horns 2, repulsion field 1, poison resistance,
regeneration 1
a: Berserk, Trog's Hand, Brothers in Arms, Renounce Religion


You were in an ice cave.
You worshipped Trog.
Trog was extremely pleased with you.
You visited 1 branch of the dungeon, and saw 14 of its levels.
You also visited: Ice Cave.

You collected 1257 gold pieces.

Inventory:

Hand Weapons
 a - a +9 vorpal battleaxe (weapon)
 K - a +1 executioner's axe
 O - a +7 antimagic battleaxe
Missiles
 b - 4 datura-tipped darts
 e - 16 poisoned darts (quivered)
 B - 56 bolts
 G - 17 boomerangs
 H - 5 silver boomerangs
Armour
 s - a +0 plate armour (worn)
 t - a +0 cloak (worn)
 x - the +1 chain mail of the Loofah {rCorr}
   (You found it on level 8 of the Dungeon)

   It provides partial protection from all sources of acid and corrosion.
 D - a +0 pair of gloves (worn)
 J - a +0 pair of boots (worn)
Jewellery
 v - a ring of positive energy (left hand)
 F - an amulet of the acrobat (around neck)
Wands
 l - a wand of flame (11)
 p - a wand of paralysis (20)
 u - a wand of polymorph (35)
 w - a wand of enslavement (10)
 A - a wand of iceblast (11)
 E - a wand of random effects (17)
Scrolls
 c - 4 scrolls of enchant weapon
 d - 3 scrolls of fear
 g - 17 scrolls of identify
 i - 9 scrolls of remove curse
 j - 6 scrolls of fog
 n - a scroll of acquirement {unknown}
 o - 2 scrolls of enchant armour {unknown}
 q - 2 scrolls of magic mapping {unknown}
 y - 3 scrolls of teleportation
 z - a scroll of noise {unknown}
 C - a scroll of torment {unknown}
 I - 3 scrolls of blinking {unknown}
Potions
 f - 2 potions of magic
 h - 2 potions of flight
 k - 3 potions of haste
 m - 6 potions of curing
 r - a potion of heal wounds
 L - a potion of invisibility
Miscellaneous
 M - a lightning rod (4/4)
 N - a condenser vane


   Skills:
 - Level 5.0 Fighting
 * Level 22.3 Axes
 + Level 12.0 Armour
 + Level 6.7 Dodging
 - Level 1.2 Evocations


You had 12 spell levels left.
You didn't know any spells.
Your spell library was empty.

Dungeon Overview and Level Annotations

Branches:
Dungeon (14/15)            Temple (0/1) D:7            Lair (0/6) D:10
    Orc (0/2) D:11         Vaults (0/5) D:13          IceCv (1/1)

Altars:
Cheibriados
Fedhas
Makhleb
Ru
Trog

Annotations:
IceCv exclusion: ice statue


Innate Abilities, Weirdness & Mutations

You reflexively headbutt those who attack you in melee.
You have a pair of horns on your head.
You are surrounded by a mild repulsion field. (EV +2)
Your system is resistant to poisons. (rPois)
Your natural rate of healing is unusually fast.


Message History

You headbutt the ice beast.
You kill the ice beast!
Trog accepts your kill. The ice beast misses you. You furiously retaliate!
You headbutt the ice beast! You slice the ice beast!!
You kill the ice beast!
Trog accepts your kill.
You slash the ice beast!
You kill the ice beast!
Trog accepts your kill.
You are engulfed in freezing vapours.
* * * LOW HITPOINT WARNING * * *
You open the ice beast like a pillowcase!!!
You kill the ice beast!
Trog accepts your kill.
You slice the ice beast!!
You kill the ice beast!
Trog accepts your kill.
You hit the ice beast.
You are engulfed in freezing vapours.
You die...

##...# ###......##
##...#####...#.##..##
#....#.#...#####.##.#
#...#..#..### ##...#
#..####.### #..##### ##.
### ##.#..#. ##. #...#†.
##.. ### #####..
8#...○#@## ##.
.....°Y○°### ##
.....○Y○°.☼#
.........☼.###
.........○°..#
.........☼°○### ###
...........#..#####.###
.........####...#..#..##
.......### ###...#.#...


You could see 2 ice beasts.

Vanquished Creatures
  An ettin (D:14)
  The ghost of End1zNear the Timeless, a journeyman DDFi of Cheibriados (D:10)
  Fannar (D:12)
  A hydra (D:13)
  3 boulder beetles
  5 centaur warriors
  3 two-headed ogres
  2 dancing weapons (D:13)
  A deep troll earth mage (D:14)
  3 unseen horrors
  A wizard (D:13)
  A deep elf archer (D:13)
  Pikel (D:5)
  A phantasmal warrior (D:14)
  An ugly thing (D:13)
  3 cyclopes
  2 manticores
  A black mamba (shapeshifter) (D:13)
  An ice statue (IceCv)
  3 gargoyles
  The ghost of WasteTime5 the Ruffian, a novice VSFi (D:6)
  2 centaur zombies (D:13)
  5 kobold demonologists
  A rime drake (IceCv)
  8 trolls
  Prince Ribbit (D:9)
  3 hornets
  A meliai zombie (D:14)
  3 wraiths
  A shadow (D:13)
  3 wyverns
  14 yaks
  A human (shapeshifter) (D:13)
  Grum (D:9)
  A vampire mosquito (D:13)
  Menkaure (D:6)
  A warg (D:11)
  A water moccasin (D:10)
  A soldier ant (D:13)
  Duvessa (D:4)
  24 ice beasts
  2 black bears
  10 orc warriors
  A phantom (D:4)
  4 sky beasts
  2 eyes of draining
  6 ogres
  2 necrophages
  4 wolves (D:9)
  6 centaurs
  7 big kobolds
  Blork the orc (D:5)
  9 bullfrogs
  A water moccasin zombie (D:7)
  Dowan (D:4)
  2 scorpions
  A water moccasin skeleton (D:5)
  5 killer bees (D:12)
  8 howler monkeys
  14 wights
  5 bullfrog zombies
  3 jellies
  7 bullfrog skeletons
  3 hounds
  4 centaur skeletons
  11 orc priests
  4 iguanas
  Terence (D:3)
  16 orc wizards
  13 worker ants
  2 hound zombies (D:6)
  A worker ant zombie (D:9)
  Robin (D:3)
  9 adders
  A shadow imp (D:6)
  4 white imps
  2 ufetubi
  An adder zombie (D:7)
  An adder skeleton (D:8)
  2 worms
  A dart slug (D:3)
  11 leopard geckos
  58 orcs
  4 bats
  4 giant cockroaches
  10 goblins
  15 hobgoblins
  3 jackals
  3 quokkas
  5 frilled lizards
  15 kobolds
  A leopard gecko skeleton (D:8)
  2 leopard gecko zombies
  A quokka skeleton (D:6)
  7 rats
428 creatures vanquished.

Vanquished Creatures (collateral kills)
  A hydra (D:13)
  An ogre (D:10)
  A centaur (D:12)
  2 orc wizards
  11 orcs
16 creatures vanquished.

Vanquished Creatures (others)
  A rime drake (IceCv)
  A howler monkey (D:12)
  2 orc priests
  A hound (D:11)
  An iguana (D:13)
  2 orcs
8 creatures vanquished.

Grand Total: 452 creatures vanquished

Notes
Turn   | Place    | Note
-------+----------+-------------------------------------------
     0 | D:1      | tognito the Minotaur Berserker began the quest for the Orb.
     0 | D:1      | Reached XP level 1. HP: 19/19 MP: 0/0
   180 | D:1      | Reached skill level 4 in Axes
   217 | D:1      | Reached XP level 2. HP: 25/27 MP: 1/1
   623 | D:2      | Reached ** piety under Trog
   717 | D:2      | Reached XP level 3. HP: 23/34 MP: 2/2
  1183 | D:2      | Found a faded altar of an unknown god.
  1630 | D:3      | Found a burning altar of Makhleb.
  1704 | D:3      | Noticed Robin
  1706 | D:3      | Reached skill level 5 in Axes
  1707 | D:3      | Reached XP level 4. HP: 37/41 MP: 3/3
  1715 | D:3      | Killed Robin
  1716 | D:3      | Reached skill level 5 in Fighting
  1877 | D:3      | Gained mutation: You are surrounded by a mild repulsion
                  | field. (EV +2) [potion of mutation]
  1877 | D:3      | Gained mutation: Your system is resistant to poisons.
                  | (rPois) [potion of mutation]
  1877 | D:3      | Gained mutation: Your natural rate of healing is unusually
                  | fast. [potion of mutation]
  1878 | D:3      | Reached skill level 10 in Axes
  1878 | D:3      | Reached XP level 5. HP: 48/48 MP: 4/4
  1900 | D:3      | Noticed Terence
  1908 | D:3      | Killed Terence
  2235 | D:4      | Reached skill level 11 in Axes
  2267 | D:4      | Reached *** piety under Trog
  2267 | D:4      | Reached XP level 6. HP: 56/56 MP: 5/5
  2349 | D:4      | Noticed Duvessa
  2353 | D:4      | Noticed Dowan
  2358 | D:4      | Killed Duvessa
  2358 | D:4      | Reached XP level 7. HP: 55/61 MP: 6/6
  2362 | D:4      | Killed Dowan
  2717 | D:5      | Entered Level 5 of the Dungeon
  2728 | D:5      | Found a blossoming altar of Fedhas.
  2745 | D:5      | Reached skill level 12 in Axes
  2906 | D:5      | Noticed Pikel
  2921 | D:5      | Killed Pikel
  2921 | D:5      | Reached skill level 13 in Axes
  2921 | D:5      | Reached XP level 8. HP: 68/68 MP: 7/7
  3047 | D:5      | Noticed Blork the orc
  3053 | D:5      | Killed Blork the orc
  3497 | D:6      | Noticed a two-headed ogre
  3508 | D:6      | Killed a two-headed ogre
  3508 | D:6      | Reached XP level 9. HP: 74/74 MP: 8/8
  3556 | D:6      | Noticed Menkaure
  3562 | D:6      | Killed Menkaure
  3562 | D:6      | Reached skill level 14 in Axes
  3580 | D:6      | Reached skill level 1 in Evocations
  3663 | D:6      | Found a runed translucent gate.
  3663 | D:6      | Found a runed translucent gate.
  3664 | D:6      | Found a runed translucent gate.
  3720 | D:6      | Noticed WasteTime5's ghost (novice VSFi)
  3773 | D:6      | Reached **** piety under Trog
  3909 | D:6      | Found a bloodstained altar of Trog.
  4254 | D:6      | Killed WasteTime5's ghost
  5165 | D:7      | Found a staircase to the Ecumenical Temple.
  5376 | D:8      | Reached skill level 15 in Axes
  5451 | D:8      | Reached XP level 10. HP: 81/81 MP: 9/9
  5607 | D:8      | Got a faintly humming chain mail
  5608 | D:8      | Identified the +1 chain mail of the Loofah {rCorr} (You
                  | found it on level 8 of the Dungeon)
  6149 | D:8      | Reached ***** piety under Trog
  6436 | D:9      | Noticed Grum
  6450 | D:9      | Killed Grum
  6450 | D:9      | Reached skill level 16 in Axes
  6803 | D:9      | Received a gift from Trog
  6875 | D:9      | Noticed Prince Ribbit
  6884 | D:9      | Killed Prince Ribbit
  7012 | D:9      | Found a snail-covered altar of Cheibriados.
  7264 | D:10     | Entered Level 10 of the Dungeon
  7357 | D:10     | Reached XP level 11. HP: 85/86 MP: 10/10
  7462 | D:10     | Killed an unseen horror
  7462 | D:10     | Reached skill level 17 in Axes
  7534 | D:10     | Found a transporter.
  7536 | D:10     | Noticed End1zNear's ghost (journeyman DDFi)
  7590 | D:10     | You fall into a shaft and drop 1 floor!
  7673 | D:10     | Found a transporter.
  7736 | D:10     | Found a staircase to the Lair.
  7969 | D:10     | Killed End1zNear's ghost
  8203 | D:11     | Reached skill level 18 in Axes
  8214 | D:11     | Found a staircase to the Orcish Mines.
  8511 | D:11     | Noticed a two-headed ogre
  8520 | D:11     | Killed a two-headed ogre
  8788 | D:11     | Found a sacrificial altar of Ru.
  9373 | D:12     | Reached skill level 10 in Armour
  9388 | D:12     | Reached skill level 19 in Axes
  9392 | D:12     | Killed an unseen horror
  9392 | D:12     | Reached XP level 12. HP: 86/94 MP: 11/11
  9507 | D:12     | Noticed a centaur warrior
  9516 | D:12     | Killed a centaur warrior
  9625 | D:12     | Noticed Fannar
  9632 | D:12     | Killed Fannar
  9917 | D:13     | Found a gate to the Vaults.
  9922 | D:13     | Reached skill level 20 in Axes
 10025 | D:13     | Noticed a centaur warrior
 10029 | D:13     | Noticed a two-headed ogre
 10037 | D:13     | Killed a centaur warrior
 10038 | D:13     | Noticed a centaur warrior
 10041 | D:13     | Killed a two-headed ogre
 10044 | D:13     | Noticed a boulder beetle
 10059 | D:13     | Killed a centaur warrior
 10076 | D:13     | Received a gift from Trog
 10077 | D:13     | Killed a boulder beetle
 10140 | D:13     | Noticed a seven-headed hydra
 10163 | D:13     | Killed a nine-headed hydra
 10250 | D:13     | Reached skill level 21 in Axes
 10267 | D:13     | Reached XP level 13. HP: 99/100 MP: 12/12
 12031 | D:14     | Found a runed translucent door.
 12031 | D:14     | Noticed an ettin
 12037 | D:14     | Reached skill level 22 in Axes
 12040 | D:14     | Killed an ettin
 12171 | D:14     | Found a frozen archway.
 12180 | D:14     | Received a gift from Trog
 12187 | IceCv    | Entered an ice cave
 12383 | IceCv    | HP: 1/150 [something (8)]
 12384 | IceCv    | Engulfed by a cloud of freezing vapour

Illustrated notes

Levels and vault maps discovered:
D:1:      giann_forest_graveyard, layout_basic
D:2:      layout_loops_ring, chequers_ecumenical_altar_simple
D:3:      layout_basic, bloody_makhleb, minmay_vboxes, uniq_terence, uniq_robin
D:4:      layout_basic, uniq_duvessa
D:5:      layout_basic, basic_altar, uniq_blork_the_orc, uniq_pikel
D:6:      layout_gridville, gammafunk_ghost_split, bloody_trog, uniq_menkaure
D:7:      layout_basic, minmay_temple_entry_stoned_glass
D:8:      layout_basic
D:9:      layout_long_grid, cheibrodos_worm_habitat, uniq_prince_ribbit1,
          uniq_grum
D:10:     layout_basic, lair_entry_dummy, gammafunk_ghost_arena, minmay_between
D:11:     layout_layer_cave, david_orc_3, basic_altar
D:12:     layout_rooms, uniq_fannar
D:13:     minmay_the_grid_octo_tiled_squarecenter
          [minmay_the_grid_octo_checkered, minmay_the_grid_octo_thin_diamonds,
          minmay_the_grid_octo_pinwheel, minmay_the_grid_octo_tetromino_candy,
          minmay_the_grid_square_5x5_megaprize_checkered,
          minmay_the_grid_square_5x5_almost_minimal,
          minmay_the_grid_square_5x5_n, minmay_the_grid_square_5x5_inset,
          minmay_the_grid_square_5x5_pentomino_r], layout_basic, erik_vaults_1
D:14:     minmay_chambers_of_sevens, layout_irregular_city,
          portal_ice_cave_entry_ice_beasts, kennysheep_treasure_room
IceCv:    ice_cave_small_dragons

Skill      XL: |  1  2  3  4  5  6  7  8  9 10 11 12 13 |
---------------+----------------------------------------+-----
Fighting       | 4 5 |  5.0
Axes           | 4 5 10 11 13 15 16 19 21 22 | 22.3
Armour         | 7 8 10 12 | 12.0
Dodging        | 6 |  6.7
Evocations     | 1 |  1.2

Action                   |  1- 3 |  4- 6 |  7- 9 | 10-12 | 13-15 || total
-------------------------+-------+-------+-------+-------+-------++-------
Melee: Hand axe          |    57 |       |       |       |       ||    57
       Headbutt          |    13 |    14 |    43 |    77 |    27 ||   174
       War axe           |     6 |    52 |   214 |    43 |       ||   315
       Battleaxe         |       |       |       |   424 |   118 ||   542
Throw: Dart              |       |       |     2 |    47 |     1 ||    50
Invok: Berserk           |       |       |     4 |     4 |     3 ||    11
       Trog's Hand       |       |       |     2 |     1 |       ||     3
       Brothers in Arms  |       |       |       |     5 |       ||     5
Evoke: Wand              |       |     2 |     4 |       |       ||     6
  Use: Potion            |     3 |     4 |     5 |     3 |       ||    15
       Scroll            |       |       |     2 |     8 |       ||    10
 Stab: Invisible         |       |       |       |     2 |       ||     2
Armor: Animal skin       |     7 |       |       |       |       ||     7
       Chain mail        |       |    12 |    58 |       |       ||    70
       Plate armour      |       |       |    33 |   197 |    67 ||   297
Dodge: Dodged            |    57 |    26 |    90 |   298 |   118 ||   589

Table legend: (Time is in decaauts)
 A = Elapsed time spent in this place.
 B = Non-inter-level travel time spent in this place.
 C = Inter-level travel time spent in this place.
 D = Time resting spent in this place.
 E = Time spent auto-exploring this place.
 F = Levels seen in this place.
 G = Mean time per level.
                   A        B        C        D        E       F      G
               +--------+--------+--------+--------+--------+-----+--------+
         Total |  12287 |  11042 |   1245 |     84 |   8811 |  15 |  819.1 |
       Dungeon |  12096 |  10851 |   1245 |     84 |   8645 |  14 |  864.0 |
      Ice Cave |    191 |    191 |      0 |      0 |    166 |   1 |  191.0 |
               +--------+--------+--------+--------+--------+-----+--------+

Top non-repeatable levels by time:
    D:11: 1325 daAuts
    D:13: 1267 daAuts
     D:7: 1149 daAuts
     D:8: 1138 daAuts
     D:6: 1033 daAuts
     D:9: 918 daAuts
    D:10: 845 daAuts
     D:3: 835 daAuts
     D:2: 794 daAuts
     D:5: 693 daAuts
     D:1: 632 daAuts
     D:4: 578 daAuts
    D:12: 578 daAuts
    D:14: 306 daAuts
   IceCv: 191 daAuts
